 Dungeon Crawl Stone Soup version 0.16.0-17-g811c1d7 (webtiles) character file.

214 maniek23 the Sneak (level 5, 0/36 HPs)
             Began as a Vampire Enchanter on Mar 21, 2015.
             Slain by a worker ant (4 damage)
             ... on level 4 of the Dungeon.
             The game lasted 00:07:26 (2108 turns).

maniek23 the Sneak (Vampire Enchanter)              Turns: 2108, Time: 00:07:26

Health: 0/36       AC:  0    Str:  2    XL:     5   Next: 60%
Magic:  0/9        EV: 22    Int: 18    God:
Gold:   154        SH:  0    Dex: 19    Spells: 3 memorised, 2 levels left

rFire  . . .     SeeInvis +     a - melded +1 dagger
rCold  . . .     Clarity  .     b - melded +1 robe
rNeg   + . .     SustAb   .     (shield currently unavailable)
rPois  .         Gourm    .     (helmet currently unavailable)
rElec  .         Spirit   .     k - melded +0 cloak
rCorr  .         Warding  .     (gloves currently unavailable)
rMut   .         Stasis   .     (boots currently unavailable)
MR     .....                    t - amulet of faith
Stlth  ++++......               (ring currently unavailable)
                                (ring currently unavailable)

@: lethally poisoned (0 -> -6), bat-form, flying, very slightly contaminated,
very quick, not resistant to hostile enchantments, stealthy
A: bottle blood, (fangs 0), see invisible, (unbreathing)
a: End Transformation


You were on level 4 of the Dungeon.
You were not thirsty.
You were in vampire-bat-form.
You visited 1 branch of the dungeon, and saw 4 of its levels.

You collected 154 gold pieces.

Inventory:

Hand weapons
 a - a +1 dagger (melded)
Missiles
 i - 4 tomahawks (quivered)
Armour
 b - a +1 robe (melded)
 k - a +0 cloak (melded)
Jewellery
 p - an uncursed amulet of faith
 t - an amulet of faith (around neck)
Scrolls
 e - 4 scrolls of remove curse {unknown}
 f - 3 scrolls of teleportation {unknown}
 g - a scroll of fog {unknown}
 j - 4 scrolls of identify {unknown}
 m - a scroll of enchant weapon {unknown}
 n - a scroll of blinking {unknown}
 o - a scroll of fear {unknown}
 w - a scroll of magic mapping {unknown}
Potions
 d - 8 potions of blood
 h - 2 potions of might {unknown}
 l - a potion of invisibility {unknown}
 q - a potion of degeneration {unknown}
 r - a potion of heal wounds
 s - a potion of berserk rage {unknown}
 u - a potion of brilliance {unknown}
 v - a potion of ambrosia {unknown}
Books
 c - a book of Maledictions

   Spells                             Type                      Level
   a - Corona                         Hexes                        1
   b - Sure Blade                     Hexes/Charms                 2
   c - Ensorcelled Hibernation        Hexes/Ice                    2
   d - Confuse                        Hexes                        3
   e - Dazzling Spray                 Conjuration/Hexes            3
   f - Enslavement                    Hexes                        4


   Skills:
 + Level 0.8 Fighting
 + Level 1.9 Short Blades
 + Level 3.8 Dodging
 + Level 6.4 Stealth
 + Level 2.2 Spellcasting
 + Level 5.7 Hexes
 + Level 0.8 Ice Magic


You had 2 spell levels left.
You knew the following spells:

 Your Spells              Type           Power        Failure   Level  Hunger
a - Corona                Hex            ###....      8%          1    #......
b - Ensorcelled Hibernat  Hex/Ice        ##....       24%         2    ##.....
c - Confuse               Hex            ###.....     17%         3    ###....


Dungeon Overview and Level Annotations

Branches:
Dungeon (4/15)
 Temple: D:4-7

Altars:
Elyvilon
Fedhas
Gozag
Sif Muna
Trog
The Shining One


Innate Abilities, Weirdness & Mutations

You can bottle blood from corpses.
((You have razor-sharp teeth.))
You have supernaturally acute eyesight.
((You can survive without breathing.))


Message History

Use which ability? (? or * to list)
You don't have enough magic at the moment.
The worker ant misses you. The worker ant bites you.
* * * LOW HITPOINT WARNING * * *
Use which ability? (? or * to list)
You fail to use your ability.
The worker ant bites you.
* * * LOW HITPOINT WARNING * * *
You are lethally poisoned!
The worker ant poisons you!
Use which ability? (? or * to list)
You turn into a vampire bat.
Your +1 dagger melds into your body.
Your +0 cloak melds into your body.
Your +1 robe melds into your body.
* * * LOW HITPOINT WARNING * * *
You feel sick. The worker ant misses you.
* * * LOW HITPOINT WARNING * * *
You feel sick.
The worker ant waves its antennae.
The worker ant bites you.
You die...

#...........##
#............#
#............##
#.!....##w....#
...####......## ###
#.......# #.......##
##...a....##
###.....b.<..#
###............##
##...............#
#)..............)##
#.................#
#.................##
##.................#######
#..................##...#
#.....................###


You could see a worm and a worker ant.

Vanquished Creatures
  An orc wizard (D:3)
  A centaur skeleton (D:4)
  Jessica (D:2)
  4 adders
  A giant mite (D:2)
  3 worms
  A giant gecko (D:3)
  An ooze (D:3)
  7 orcs
  10 bats
  5 hobgoblins
  11 jackals
  A quokka (D:3)
  3 giant cockroaches
  5 giant newts
  9 goblins
  4 kobolds
  A quokka skeleton (D:4)
  8 rats
77 creatures vanquished.

Notes
Turn   | Place    | Note
--------------------------------------------------------------
     0 | D:1      | maniek23, the Vampire Enchanter, began the quest for the Orb.
     0 | D:1      | Reached XP level 1. HP: 13/13 MP: 3/3
   270 | D:1      | Reached XP level 2. HP: 10/19 MP: 4/4
   275 | D:1      | Learned a level 2 spell: Ensorcelled Hibernation
   473 | D:1      | Reached skill level 5 in Hexes
   553 | D:1      | Reached skill level 5 in Stealth
   634 | D:2      | Noticed Jessica
   643 | D:2      | Killed Jessica
   643 | D:2      | Reached XP level 3. HP: 24/24 MP: 0/6
   666 | D:2      | Found a bloodstained altar of Trog.
   876 | D:2      | Reached XP level 4. HP: 30/30 MP: 7/7
   892 | D:2      | Found a blossoming altar of Fedhas.
   931 | D:2      | Learned a level 3 spell: Confuse
  1286 | D:3      | Found an opulent altar of Gozag.
  1287 | D:3      | Found a white marble altar of Elyvilon.
  1289 | D:3      | Found a deep blue altar of Sif Muna.
  1341 | D:3      | Reached skill level 6 in Stealth
  1666 | D:3      | Reached XP level 5. HP: 36/36 MP: 9/9
  1885 | D:3      | Found a glowing golden altar of the Shining One.
  2108 | D:4      | Slain by a worker ant

Action                   |  1- 3 |  4- 6 || total
-------------------------+-------+-------++-------
Melee: Dagger            |    82 |   142 ||   224
Throw: Tomahawk          |       |     1 ||     1
 Cast: Ensorcelled Hiber |     2 |     8 ||    10
       Confuse           |       |     2 ||     2
       Corona            |       |     1 ||     1
 Abil: Bat Form          |       |     2 ||     2
       End Transformatio |       |     1 ||     1
  Use: Potion            |     2 |       ||     2
 Stab: Sleeping          |     8 |     8 ||    16
       Confused          |       |     1 ||     1
  Eat: Corpse            |     6 |     1 ||     7
